 Dungeon Crawl Stone Soup version 0.31.0-9-g3a7656b989 (webtiles) character file.

Game seed: 15356633670812834896

1965 qw the Skirmisher (level 8, 0/68 HPs)
             Began as a Demigod Hunter on Feb 2, 2024.
             Slain by a gnoll
             ... wielding a +0 halberd
             ... led by a gnoll bouda
              (7 damage)
             ... on level 7 of the Dungeon.
             The game lasted 00:00:41 (6476 turns).

qw the Skirmisher (Demigod Hunter)                  Turns: 6476, Time: 00:00:41

Health: 0/68       AC:  5    Str: 12    XL:     8   Next: 68%
Magic:  10/10      EV: 13    Int: 11    God:
Gold:   396        SH:  5    Dex: 25    Spells: 7/7 levels left

rFire   + . .        a - +0 shortbow
rCold   . . .        (shield currently unavailable)
rNeg    . . .        i - +0 ring mail
rPois   .            (no helmet)
rElec   .            (no cloak)
rCorr   +            (no gloves)
SInv    .            (no boots)
Will    .....        c - amulet of reflection
Stlth   ++           k - ring of protection from fire
HPRegen 0.31/turn    l - ring of resist corrosion
MPRegen 0.12/turn

%: reflection
@: weakened
A: high MP 1, forlorn, divine attributes
a: no special abilities


You were on level 7 of the Dungeon.
You visited 1 branch of the dungeon, and saw 7 of its levels.

You collected 396 gold pieces.


Innate Abilities, Weirdness & Mutations

You have an increased reservoir of magic. (+10% MP)
You shall have no god before yourself.
Your divine heritage dramatically boosts your attributes as you level up.


   Skills:
 - Level 5.3 Fighting
 + Level 9.4 Ranged Weapons
 - Level 1.0 Armour
 - Level 4.1 Dodging
 - Level 0.8 Stealth


You had 7 spell levels left.
You didn't know any spells.
Your spell library was empty.

Inventory:

Hand Weapons
 a - a +0 shortbow (weapon)
Armour
 i - a +0 ring mail (worn)
Jewellery
 c - an amulet of reflection (around neck)
 f - a ring of fire
 k - a ring of protection from fire (left hand)
 l - a ring of resist corrosion (right hand)
 p - a ring of magical power
Wands
 m - a wand of charming (8)
Scrolls
 q - a scroll of identify
Potions
 d - 2 potions of enlightenment
 e - a potion of lignification {unknown}
 g - 4 potions of curing
 h - 2 potions of mutation
 j - a potion of berserk rage {unknown}
 n - a potion of invisibility {unknown}
 o - a potion of haste

Dungeon Overview and Level Annotations

Branches:
Dungeon (7/15)             Temple (0/1) D:6

Shops:
D:5 [


Message History

The gnoll bouda is almost dead.
The gnoll bouda hits you but does no damage.
The gnoll hits you from afar with a +0 halberd.
The gnoll closely misses you.
You shoot an arrow.
The arrow barely misses the gnoll bouda.
The gnoll bouda barks out a call to the hunt!
The gnolls pick up the pace!
The gnoll hits you from afar with a +0 halberd!
The gnoll hits you from afar with a +1 heavy spear!
6469 ||| DRINKING potion of heal wounds.
You feel much better.
The gnoll bouda hits you with a +0 club.
The gnoll barely misses you.
You shoot an arrow. The arrow hits the gnoll bouda.
The gnoll bouda is almost dead.
You block the gnoll bouda's attack. The gnoll barely misses you. x2
You shoot an arrow.
The arrow barely misses the gnoll bouda.
The gnoll bouda gazes fiercely through you!
You feel as though you will be weak longer.
The gnoll bouda hits you but does no damage.
You block the gnoll's attack.
The gnoll hits you from afar with a +1 heavy spear.
You shoot an arrow. The arrow hits the gnoll bouda.
You kill the gnoll bouda!
The gnoll barely misses you. You block the gnoll's attack.
You shoot an arrow. The arrow hits the gnoll.
The gnoll is moderately wounded.
The gnoll barely misses you. x2
You shoot an arrow. The arrow hits the gnoll!
You kill the gnoll!
The gnoll hits you from afar with a +0 halberd!
You shoot an arrow. The arrow barely misses the gnoll.
The gnoll hits you from afar with a +0 halberd.
The gnoll barely misses you.
You shoot an arrow. The arrow hits the gnoll.
The gnoll is heavily wounded.
The gnoll hits you from afar with a +0 halberd!
You die...

#.# #.... ##. #.# ####.
>. #.# #########. #.
##.# #...)...)) #.#
.#.# #.#######. #..
.#.# #.# #. #.#.#.# #.#
#. ##.##..##.####.## #.
#..<.)@.........## #.
#.##.)###........#####.


#gg ###............ #.. #............. #.. ##..##.(.#..... ... ...............
.###.####>.#......... . #[......#..##.###. #........# #. You could see 2 gnolls.

Vanquished Creatures
  Grinder (D:4)
  Eustachio (D:4)
  A steam dragon (D:4)
  An ice beast (D:6)
  A black bear (D:7)
  A sky beast (D:7)
  An ogre (D:6)
  2 phantoms
  2 bullfrogs
  A gnoll sergeant (D:6)
  A scorpion (D:6)
  2 gnoll boudas (D:7)
  2 hounds (D:5)
  A jelly (D:5)
  3 orc priests
  Ijyb (D:4)
  4 iguanas
  2 orc wizards
  A sleepcap (D:6)
  Natasha (D:3)
  6 gnolls (D:7)
  6 adders
  A white imp (D:5)
  2 ufetubi (D:6)
  2 ribbon worms (D:2)
  4 dart slugs
  27 orcs
  5 bats
  6 endoplasms
  3 giant cockroaches
  6 goblins
  9 hobgoblins
  4 jackals (D:2)
  2 quokkas (D:1)
  8 ball pythons
  4 frilled lizards
  10 kobolds
  5 rats
140 creatures vanquished.

Notes
Turn   | Place    | Note
-------+----------+-------------------------------------------
     0 | D:1      | qw the Demigod Hunter began the quest for the Orb.
     0 | D:1      | Reached XP level 1. HP: 17/17 MP: 3/3
     0 | D:1      | 0 ||| qw: Version: 0.3-a-155-g5e7d8dd
     0 | D:1      | 0 ||| qw: Game counter: 290
     0 | D:1      | 0 ||| qw: Melee chars always use a shield: true
     0 | D:1      | 0 ||| qw: God list: Okawaru
     0 | D:1      | 0 ||| qw: Allow faded altars: false
     0 | D:1      | 0 ||| qw: Do Orc after clearing Dungeon:15 true
     0 | D:1      | 0 ||| qw: Do second Lair branch before Depths: true
     0 | D:1      | 0 ||| qw: Lair rune preference: random
     0 | D:1      | 0 ||| qw: Goals: Normal
     0 | D:1      | 0 ||| PLANNING D:1-11
    76 | D:1      | Reached skill level 4 in Ranged Weapons
   172 | D:1      | Reached XP level 2. HP: 23/24 MP: 4/4
   447 | D:1      | Reached XP level 3. HP: 29/29 MP: 5/5
   556 | D:1      | 556 ||| UPGRADING to +0 ring mail.
   566 | D:1      | 566 ||| DROPPING +0 leather armour.
   567 | D:1      | 567 ||| UPGRADING to ring of protection from fire.
   568 | D:1      | 568 ||| UPGRADING to ring of resist corrosion.
   569 | D:1      | 569 ||| READING 3 scrolls labelled WOTUSU COEFU.
   569 | D:1      | 569 ||| IDENTIFYING viscous dark potion
   570 | D:1      | 570 ||| READING 2 scrolls of identify.
   570 | D:1      | 570 ||| IDENTIFYING white potion
   571 | D:1      | 571 ||| READING scroll of identify.
   571 | D:1      | 571 ||| IDENTIFYING 2 red potions
   572 | D:1      | 572 ||| READING scroll labelled MORHUFRALLE.
   573 | D:1      | 573 ||| READING scroll labelled XIXZOHOMOB.
   574 | D:1      | 574 ||| READING scroll labelled NAAC SA PIARR.
   577 | D:1      | 577 ||| DROPPING scroll of butterflies.
   578 | D:1      | 578 ||| DROPPING potion of magic.
   579 | D:1      | 579 ||| DROPPING potion of degeneration.
   637 | D:2      | HP: 7/29 [poisoned by an adder]
  1127 | D:2      | Reached skill level 5 in Ranged Weapons
  1365 | D:2      | 1365 ||| READING scroll of identify.
  1365 | D:2      | 1365 ||| IDENTIFYING fuming yellow potion
  1366 | D:2      | 1366 ||| READING scroll labelled SEMOCVA OPTAF.
  1367 | D:2      | 1367 ||| READING scroll labelled LUOCZAPTOS.
  1368 | D:2      | 1368 ||| READING scroll labelled POPHIT SUST.
  1635 | D:3      | Reached XP level 4. HP: 30/36 MP: 6/6
  1714 | D:3      | Reached skill level 1 in Armour
  1996 | D:3      | Noticed Natasha
  2006 | D:3      | Killed Natasha
  2354 | D:3      | 2354 ||| READING scroll labelled LORIED RIREZ.
  2417 | D:4      | Reached XP level 5. HP: 39/41 MP: 7/7
  2445 | D:4      | Noticed Grinder
  2463 | D:4      | Killed Grinder
  2464 | D:4      | Reached skill level 6 in Ranged Weapons
  2464 | D:4      | Reached XP level 6. HP: 37/48 MP: 8/8
  2829 | D:4      | Reached skill level 3 in Fighting
  2975 | D:4      | Noticed Ijyb
  2986 | D:4      | Killed Ijyb
  3165 | D:4      | Noticed Eustachio
  3179 | D:4      | 3179 ||| RETREEEEATING.
  3180 | D:4      | 3180 ||| RETREEEEATING.
  3181 | D:4      | 3181 ||| RETREEEEATING.
  3182 | D:4      | 3182 ||| RETREEEEATING.
  3222 | D:4      | 3222 ||| FLEEEEING.
  3223 | D:4      | 3223 ||| FLEEEEING.
  3224 | D:4      | 3224 ||| FLEEEEING.
  3225 | D:4      | 3225 ||| FLEEEEING.
  3226 | D:4      | 3226 ||| FLEEEEING.
  3227 | D:4      | 3227 ||| FLEEEEING.
  3242 | D:4      | 3242 ||| RETREEEEATING.
  3243 | D:4      | 3243 ||| RETREEEEATING.
  3244 | D:4      | 3244 ||| RETREEEEATING.
  3245 | D:4      | 3245 ||| RETREEEEATING.
  3246 | D:4      | 3246 ||| RETREEEEATING.
  3247 | D:4      | 3247 ||| RETREEEEATING.
  3248 | D:4      | 3248 ||| RETREEEEATING.
  3249 | D:4      | 3249 ||| RETREEEEATING.
  3250 | D:4      | 3250 ||| RETREEEEATING.
  3251 | D:4      | 3251 ||| RETREEEEATING.
  3252 | D:4      | 3252 ||| RETREEEEATING.
  3253 | D:4      | 3253 ||| RETREEEEATING.
  3254 | D:4      | 3254 ||| RETREEEEATING.
  3255 | D:4      | 3255 ||| RETREEEEATING.
  3256 | D:4      | 3256 ||| RETREEEEATING.
  3257 | D:4      | 3257 ||| RETREEEEATING.
  3258 | D:4      | 3258 ||| RETREEEEATING.
  3259 | D:4      | 3259 ||| RETREEEEATING.
  3259 | D:4      | HP: 12/51 [quokka[Eustachio] (3)]
  3260 | D:4      | 3260 ||| READING scroll of teleportation.
  3260 | D:4      | HP: 5/51 [quasit[Eustachio] (1)]
  3262 | D:4      | 3262 ||| RETREEEEATING.
  3473 | D:4      | 3473 ||| RETREEEEATING.
  3474 | D:4      | 3474 ||| RETREEEEATING.
  3475 | D:4      | 3475 ||| RETREEEEATING.
  3476 | D:4      | 3476 ||| RETREEEEATING.
  3477 | D:4      | 3477 ||| RETREEEEATING.
  3479 | D:4      | 3479 ||| RETREEEEATING.
  3480 | D:4      | 3480 ||| RETREEEEATING.
  3481 | D:4      | 3481 ||| RETREEEEATING.
  3483 | D:4      | 3483 ||| RETREEEEATING.
  3485 | D:4      | 3485 ||| RETREEEEATING.
  3488 | D:4      | 3488 ||| RETREEEEATING.
  3489 | D:4      | Killed Eustachio
  3490 | D:4      | Reached skill level 7 in Ranged Weapons
  3490 | D:4      | Reached XP level 7. HP: 56/57 MP: 9/9
  3610 | D:4      | 3610 ||| UPGRADING to amulet of reflection.
  3615 | D:4      | 3615 ||| READING 3 scrolls of identify.
  3615 | D:4      | 3615 ||| IDENTIFYING orange potion
  3616 | D:4      | 3616 ||| READING 2 scrolls of identify.
  3616 | D:4      | 3616 ||| IDENTIFYING yellow potion
  3617 | D:4      | 3617 ||| READING scroll of identify.
  3617 | D:4      | 3617 ||| IDENTIFYING cyan potion
  3630 | D:5      | Entered Level 5 of the Dungeon
  3630 | D:5      | Noticed a steam dragon
  3631 | D:5      | 3631 ||| STAIRDANCE
  3633 | D:4      | 3633 ||| DRINKING potion of haste.
  3647 | D:4      | Killed a steam dragon
  3648 | D:4      | Reached skill level 3 in Dodging
  4641 | D:5      | Found Zhao Yu's Dragon-Slaying Spoils.
  4648 | D:5      | 4648 ||| SHOPLISTING +0 acid dragon scales (480 gold, have
                  | 282).
  4648 | D:5      | 4648 ||| SHOPLISTING +0 swamp dragon scales (600 gold, have
                  | 282).
  4648 | D:5      | 4648 ||| SHOPLISTING +2 steam dragon scales (624 gold, have
                  | 282).
  4648 | D:5      | 4648 ||| SHOPLISTING quicksilver dragon scales (720 gold,
                  | have 282).
  4686 | D:6      | Reached skill level 8 in Ranged Weapons
  4803 | D:6      | Found a staircase to the Ecumenical Temple.
  4949 | D:6      | Reached XP level 8. HP: 66/66 MP: 10/10
  5074 | D:6      | 5074 ||| FLEEEEING.
  5286 | D:6      | 5286 ||| FLEEEEING.
  5289 | D:6      | 5289 ||| FLEEEEING.
  5290 | D:6      | 5290 ||| FLEEEEING.
  5291 | D:6      | 5291 ||| FLEEEEING.
  5292 | D:6      | 5292 ||| FLEEEEING.
  5293 | D:6      | 5293 ||| FLEEEEING.
  5294 | D:6      | 5294 ||| FLEEEEING.
  5295 | D:6      | 5295 ||| FLEEEEING.
  5296 | D:6      | 5296 ||| FLEEEEING.
  5297 | D:6      | 5297 ||| FLEEEEING.
  5298 | D:6      | 5298 ||| FLEEEEING.
  5299 | D:6      | 5299 ||| FLEEEEING.
  5300 | D:6      | 5300 ||| FLEEEEING.
  5301 | D:6      | 5301 ||| FLEEEEING.
  5302 | D:6      | 5302 ||| FLEEEEING.
  5303 | D:6      | 5303 ||| FLEEEEING.
  5304 | D:6      | 5304 ||| FLEEEEING.
  5308 | D:6      | HP: 15/66 [sleepcap (5)]
  5309 | D:6      | 5309 ||| DRINKING 4 potions of heal wounds.
  5615 | D:6      | Reached skill level 9 in Ranged Weapons
  5926 | D:6      | Identified the +4 long sword "Goblin's Doom" {flame, rC+
                  | Int+6 Dex+2}
  6065 | D:6      | 6065 ||| DROPPING +6 ring of intelligence.
  6145 | D:7      | 6145 ||| FLEEEEING.
  6147 | D:7      | 6147 ||| FLEEEEING.
  6148 | D:7      | 6148 ||| FLEEEEING.
  6459 | D:7      | HP: 16/68 [gnoll bouda/+0 club (8)]
  6460 | D:7      | 6460 ||| DRINKING 3 potions of heal wounds.
  6464 | D:7      | 6464 ||| DRINKING 2 potions of heal wounds.
  6468 | D:7      | HP: 11/68 [gnoll/+0 halberd[a gnoll bouda] (10)]
  6468 | D:7      | HP: 3/68 [gnoll/+1 heavy spear[a gnoll bouda] (8)]
  6469 | D:7      | 6469 ||| DRINKING potion of heal wounds.
  6474 | D:7      | HP: 9/68 [gnoll/+0 halberd[a gnoll bouda] (11)]
  6476 | D:7      | Slain by a gnoll

Levels and vault maps discovered:
D:1:      wander_arrival_chamber, layout_basic, ebering_ecumenical_altar_box,
          hangedman_decor_points, glass_columns_a, minmay_pentomino_o2
D:2:      layout_basic, st_stairs_12
D:3:      layout_loops_ring, nicolae_overflow_crystal_walls,
          hangedman_ru_absence, uniq_natasha
D:4:      layout_gridville, kiku_gazebo_garden_becter, nicolae_eternal_life,
          chequers_serial_rivers_large_a, uniq_grinder, uniq_ijyb,
          uniq_eustachio
D:5:      layout_loops_ring, led_sif_pool, grunt_ministairs_3,
          kennysheep_crisscross, chequers_serial_rivers_micro_c,
          chequers_serial_rivers_room_b, chequers_serial_rivers_room_a,
          nicolae_shop_dragon_depot, chequers_avenue
D:6:      layout_basic, mainiacjoe_overflow_small_starburst,
          nicolae_dithmenos_the_darkroom, mainiacjoe_overflow_two_lobes,
          minmay_temple_entry_glassed_door, minmay_between
D:7:      layout_loops_ring, uniq_menkaure

Skill      XL: |  1  2  3  4  5  6  7  8 |
---------------+-------------------------+-----
Ranged Weapons | 4 5 6 7 8 9 |  9.4
Fighting       | 2 3 4 5 |  5.3
Dodging        | 2 3 4 |  4.1
Armour         | 1 |  1.0
Stealth        | |  0.8

Action                     |  1- 3 |  4- 6 |  7- 9 || total
---------------------------+-------+-------+-------++-------
   Fire: Shortbow          |   152 |   179 |   248 ||   579
    Use: Scroll            |    10 |     2 |     3 ||    15
         Potion            |       |       |     5 ||     5
 Armour: Leather armour    |    13 |       |       ||    13
         Ring mail         |    45 |   140 |   108 ||   293
  Dodge: Dodged            |    41 |   128 |   100 ||   269
  Block: Other             |       |       |    36 ||    36

Table legend:
 A = Non-vault XP
 B = Vault XP
 C = Vault XP percentage of total XP
 D = Non-vault monster count
 E = Vault monster count
 F = Vault count percentage of total count
                 A         B        C        D         E       F
            +---------+---------+-------+---------+---------+-------
      Total |    1912 |     896 |  31.9 |     125 |      15 |  10.7
            +---------+---------+-------+---------+---------+-------
        D:1 |      46 |       3 |   6.1 |      24 |       2 |   7.7
        D:2 |      51 |       6 |  10.5 |      20 |       3 |  13.0
        D:3 |      85 |      35 |  29.2 |      24 |       1 |   4.0
        D:4 |     187 |     714 |  79.2 |      10 |       5 |  33.3
        D:5 |     200 |       6 |   2.9 |      10 |       2 |  16.7
        D:6 |     791 |     132 |  14.3 |      23 |       2 |   8.0
        D:7 |     552 |       0 |   0.0 |      14 |       0 |   0.0
            +---------+---------+-------+---------+---------+-------
